 Dungeon Crawl Stone Soup version 0.31.0-32-g396128a36d (webtiles) character file.

Game seed: 617843738810168250

2 Rem the Conjurer (level 1, -1/11 HPs)
             Began as an Octopode Conjurer on Apr 21, 2024.
             Slain by a jackal (3 damage)
             ... on level 1 of the Dungeon.
             The game lasted 00:00:32 (177 turns).

Rem the Conjurer (Octopode Conjurer)                 Turns: 177, Time: 00:00:33

Health: -1/11      AC:  1    Str:  6    XL:     1   Next: 40%
Magic:  0/3        EV: 13    Int: 20    God:
Gold:   0          SH:  0    Dex: 10    Spells: 3/4 levels left

rFire   . . .        (no weapon)
rCold   . . .        (no shield)
rNeg    . . .        (helmet restricted)
rPois   .            (no amulet)
rElec   .            (no ring)
rCorr   .            (no ring)
SInv    .            (no ring)
Will    .....        (no ring)
Stlth   +++          (no ring)
HPRegen 0.21/turn    (no ring)
MPRegen 0.08/turn    (no ring)
                     (no ring)

%: no passive effects
@: no status effects
A: almost no armour, amphibious, 8 rings, camouflage 1, gelatinous body 1,
(nimble swimmer 1), tentacles
a: no special abilities


You were on level 1 of the Dungeon.
You visited 1 branch of the dungeon, and saw 1 of its levels.

Inventory:

Potions
 a - a potion of magic


   Skills:
 - Level 2.0 Dodging
 - Level 2.6 Stealth
 + Level 2.1 Spellcasting
 + Level 4.0 Conjurations


You had 3 spell levels left.
You knew the following spells:

 Your Spells              Type           Power      Damage    Failure   Level
a - Magic Dart            Conj           72%        1d6       3%          1

Your spell library contained the following spells:

 Spells                   Type           Power      Damage    Failure   Level
 Searing Ray              Conj           36%        2d5       4%          2
 Call Imp                 Summ           4%         N/A       24%         2
 Sublimation of Blood     Necr           2%         N/A       24%         2
 Fulminant Prism          Conj/Alch      5%         3d7       56%         4
 Iskenderun's Mystic Bla  Conj/Tloc      10%        2d4       56%         4
 Summon Hydra             Summ           1%         N/A       100%        7


Dungeon Overview and Level Annotations

Branches:
Dungeon (1/15)

Altars:


Innate Abilities, Weirdness & Mutations

You cannot wear most types of armour.
You are amphibious.
You can wear up to eight rings at the same time.
Your skin changes colour to match your surroundings (Stealth+).
Your rubbery body absorbs attacks. (AC +1, EV +1)
((You are camouflaged when in or above water. (Stealth+)))
You have tentacles for arms and can constrict up to eight enemies at once.


Message History

You kill the bat!
You can't see any susceptible monsters within range! (Use Z to cast anyway.)
You can't see any susceptible monsters within range! (Use Z to cast anyway.) 2 jackals come into view.
The jackal barks! x2; You hear a bark!
A jackal comes into view.
The jackal barks!
The magic dart hits the jackal.
The jackal is severely wounded.
The magic dart hits the jackal.
The jackal is almost dead.
The jackal closely misses you. The jackal misses you.
The magic dart hits the jackal.
You kill the jackal!
You closely miss the jackal. Your grab misses the jackal. The jackal bites you.
You closely miss the jackal. Your grab misses the jackal.
Your squeeze misses the jackal. The jackal bites you.
The jackal closely misses you.
You tentacle-slap the jackal but do no damage.
Your grab misses the jackal. The jackal bites you.
You are too injured to fight recklessly!
You are too injured to fight recklessly!
You are too injured to fight recklessly!
You are too injured to fight recklessly!
You tentacle-slap the jackal but do no damage.
Your grab misses the jackal. Your squeeze misses the jackal.
The jackal bites you. x2
* * * LOW HITPOINT WARNING * * *
A jackal comes into view.
The jackal barks!
You tentacle-slap the jackal but do no damage.
Your grab misses the jackal.
You hear a loud squeak.
You hear an angry hiss.
The jackal barely misses you.
You hear a shout!
You barely miss the jackal. Your grab misses the jackal.
Your squeeze misses the jackal.
A bat comes into view.
The jackal bites you.
You die...

# .# #! . ###
.#....
#########b.....
h.h..h...[..#
####h###.###
#.@hh.......
#.######.###
#.# #.# #.# #.#
#.# #.# #.#


You could see 3 jackals and a bat (wandering).

Vanquished Creatures
  A jackal (D:1)
  A bat (D:1)
  A rat (D:1)
3 creatures vanquished.

Notes
Turn   | Place    | Note
-------+----------+-------------------------------------------
     0 | D:1      | Rem the Octopode Conjurer began the quest for the Orb.
     0 | D:1      | Reached XP level 1. HP: 11/11 MP: 3/3
   177 | D:1      | Slain by a jackal

Illustrated notes

Levels and vault maps discovered:
D:1:      lemuel_arrival_behind_the_door_large, layout_basic,
          dreamdust_ecumenical_altar_grove

Action                     || total
---------------------------++-------
  Melee: Unarmed           ||     6
   Cast: Magic Dart        ||     5
 Armour: Skin              ||     6
  Dodge: Dodged            ||     4
